 Dungeon Crawl Stone Soup version 0.16-b1 (webtiles) character file.

105 McCoppin the Sneak (level 5, 37/38 HPs)
             Began as a Formicid Assassin on Mar 11, 2015.
             Quit the game on level 5 of the Dungeon.
             The game lasted 00:11:37 (1210 turns).

McCoppin the Sneak (Formicid Assassin)              Turns: 1210, Time: 00:11:37

Health: 37/38      AC:  3    Str: 16    XL:     5   Next: 9%
Magic:  7/7        EV: 11    Int: 11    God:
Gold:   17         SH:  0    Dex: 12    Spells: 0 memorised, 4 levels left

rFire  . . .     SeeInvis +     b - +0 blowgun
rCold  . . .     Clarity  .     c - +0 robe
rNeg   . . .     SustAb   .     (no shield)
rPois  .         Gourm    .     (helmet unavailable)
rElec  .         Spirit   .     d - +0 cloak
rCorr  .         Warding  .     (no gloves)
rMut   .         Stasis   +     (no boots)
MR     .....                    (no amulet)
Stlth  ++++......               (no ring)
                                (no ring)

@: not resistant to hostile enchantments, stealthy
A: permanent stasis, dig shafts and tunnels, four strong arms, antennae 3
a: Dig, Shaft Self


You were on level 5 of the Dungeon.
You were not hungry.

You visited 1 branch of the dungeon, and saw 5 of its levels.

You collected 17 gold pieces.

Inventory:

Hand weapons
 a - a +2 dagger
 b - a +0 blowgun (weapon)
Missiles
 e - 3 poisoned needles (quivered)
 f - 2 curare-tipped needles
Armour
 c - a +0 robe (worn)
 d - a +0 cloak (worn)
Scrolls
 j - a scroll of amnesia {unknown}
 k - a scroll of teleportation {unknown}
 m - a scroll of recharging {unknown}
 n - a scroll of enchant weapon {unknown}
Potions
 i - a potion of curing {unknown}
 l - a potion of poison {unknown}
Comestibles
 g - 2 bread rations
 h - a chunk of flesh


   Skills:
 - Level 2.1 Fighting
 - Level 2.0 Short Blades
 - Level 1.5 Throwing
 - Level 0.8 Dodging
 + Level 7.6 Stealth


You had 4 spell levels left.
You didn't know any spells.

Dungeon Overview and Level Annotations

Branches:
Dungeon (5/15)
 Temple: D:4-7

Altars:
Sif Muna
Xom


Innate Abilities, Weirdness & Mutations

You are under a permanent stasis effect.
You can dig through walls and to a lower floor.
Your four strong arms can wield two-handed weapons with a shield.
You have a pair of large antennae on your head (SInv).


Message History

The giant cockroach bites you.
You closely miss the giant cockroach. The giant cockroach bites you.
You hit the giant cockroach.
The giant cockroach is moderately wounded.
The giant cockroach bites you but does no damage.
You hit the giant cockroach.
The giant cockroach is heavily wounded.
The giant cockroach bites you but does no damage.
You hit the giant cockroach.
You kill the giant cockroach!
No target in view!
No target in view!
No target in view!
Wield which item (- for none, * to show all)? (? for menu, Esc to quit)
b - a +0 blowgun (weapon)
A jackal comes into view.
Unknown command.
Are you sure you want to abandon this character and quit the game? (Confirm with "yes".)
Okay, then.
Are you sure you want to abandon this character and quit the game? (Confirm with "yes".)

h. ... .### .... ...##... .#
......# .....# #.....##
...#...###>.....##.
#.....###.............. #.......#
#....@...# ...
.........###....#....#......
..........#.....###.....#....#
..........#....## #.........##
................####..........#
..........##.....#............###
.........####....................
........## ##................#
........# ##..............#


You could see a jackal (sleeping).

Vanquished Creatures
  An orc wizard (D:4)
  An iguana (D:4)
  A worker ant (D:4)
  2 worms
  2 orcs (D:4)
  A ball python (D:4)
  2 bats (D:4)
  A giant cockroach (D:5)
  A hobgoblin (D:4)
  2 kobolds (D:4)
  2 goblins (D:4)
  A rat (D:5)
17 creatures vanquished.

Notes
Turn   | Place    | Note
--------------------------------------------------------------
     0 | D:1      | McCoppin, the Formicid Assassin, began the quest for the Orb.
     0 | D:1      | Reached XP level 1. HP: 16/16 MP: 1/1
     4 | D:1      | You fall through a shaft!
     9 | D:2      | Reached skill level 5 in Stealth
     9 | D:2      | Reached XP level 2. HP: 13/22 MP: 3/3
    12 | D:2      | You fall through a shaft for 2 floors!
   539 | D:4      | Reached skill level 6 in Stealth
   539 | D:4      | Reached XP level 3. HP: 25/27 MP: 4/4
   550 | D:4      | Reached XP level 4. HP: 31/33 MP: 5/5
   570 | D:4      | Found a shimmering altar of Xom.
   570 | D:4      | Found a deep blue altar of Sif Muna.
   650 | D:4      | Reached skill level 7 in Stealth
   932 | D:4      | Reached XP level 5. HP: 24/38 MP: 7/7
  1099 | D:3      | You fall through a shaft for 2 floors!
  1099 | D:5      | Entered Level 5 of the Dungeon
  1210 | D:5      | Quit the game

Action                   |  1- 3 |  4- 6 || total
-------------------------+-------+-------++-------
Melee: Dagger            |    10 |    21 ||    31
 Fire: Blowgun           |     9 |    16 ||    25
 Abil: Shaft Self        |     2 |     1 ||     3
       Dig               |       |     3 ||     3
 Stab: Sleeping          |     5 |     3 ||     8
       Distracted        |       |     1 ||     1
  Eat: Meat ration       |       |     1 ||     1
